SL
ST. LOUIS COEUR @ SAN MATEO DIRTY REDS
07/05/2041
 
TOP OF THE 1ST
St. Louis Coeur batting - Pitching for San Mateo Dirty Reds : RHP Justin Frederick
Pitching: RHP Justin Frederick
Batting: RHB Guillermo Coss 0-0: Foul Ball, location: 2F
0-1: DOUBLE (Flyball, 89D, EV 97.5 MPH)
Batting: RHB Jaime Soto 0-0: Called Strike
0-1: Ball
1-1: Ball
2-1: DOUBLE (Flyball, 8LXD, EV 94.4 MPH)
Guillermo Coss scores
Batting: LHB Qing-nian Zexian 0-0: Ball
1-0: Ball
2-0: Ball
3-0: Base on Balls
Batting: RHB Nobuhisa Murakami 0-0: Fly out, F7 (Flyball, 7, EV 92.5 MPH)
Batting: RHB Joel Iyiegbuniwe 0-0: Ball
Wild Pitch!
Jaime Soto to third
Qing-nian Zexian to second
1-0: Called Strike
1-1: TRIPLE (Line Drive, 78XD, EV 106.9 MPH)
Jaime Soto scores
Qing-nian Zexian scores
Batting: RHB Joe Mueller 0-0: Ball
1-0: Foul Ball, location: 2F
1-1: Ball
2-1: Foul Ball, location: 2F
2-2: Ball
3-2: Base on Balls
Batting: LHB Harry Cornelis 0-0: Ball
1-0: Foul Ball, location: 2F
1-1: Ball
Pickoff Throw to First - Out! 1-3
2-1: Foul Ball, location: 2F
2-2: Fly out, F8 (Flyball, 78D, EV 105.6 MPH)
Top of the 1st over - 3 runs, 3 hits, 0 errors, 1 left on base; St. Louis 3 - San Mateo 0
BOTTOM OF THE 1ST
San Mateo Dirty Reds batting - Pitching for St. Louis Coeur : RHP Ernesto López
Pitching: RHP Ernesto López
Batting: LHB Richard Edwards 0-0: Called Strike
0-1: Foul Ball, location: 2F
0-2: Ball
1-2: Ball
2-2: Foul Ball, location: 2F
2-2: Ball
3-2: Foul Ball, location: 2F
3-2: Ground out 6-3 (Groundball, 6S, EV 84.4 MPH)
Batting: RHB Zahid Kashani 0-0: Called Strike
0-1: Foul Ball, location: 2F
0-2: Fly out, F6 (Line Drive, 6, EV 66.2 MPH)
Batting: LHB Tom Burton 0-0: Ball
1-0: Fly out, F8 (Flyball, 89D, EV 96.2 MPH)
Bottom of the 1st over - 0 runs, 0 hits, 0 errors, 0 left on base; St. Louis 3 - San Mateo 0
TOP OF THE 2ND
St. Louis Coeur batting - Pitching for San Mateo Dirty Reds : RHP Justin Frederick
Batting: RHB Ik-jun Cho 0-0: Ball
1-0: Swinging Strike
1-1: Ground out 6-3 (Groundball, 56, EV 87.5 MPH)
Batting: RHB Tabor de Maria 0-0: Ball
1-0: Foul Ball, location: 2F
1-1: Ground out 6-3 (Groundball, 56, EV 81.9 MPH)
Batting: RHB Guillermo Coss 0-0: Called Strike
0-1: Ball
1-1: Swinging Strike
1-2: Strikes out looking
Top of the 2nd over - 0 runs, 0 hits, 0 errors, 0 left on base; St. Louis 3 - San Mateo 0
BOTTOM OF THE 2ND
San Mateo Dirty Reds batting - Pitching for St. Louis Coeur : RHP Ernesto López
Batting: LHB Palaie Gaoteote 0-0: Ball
1-0: Swinging Strike
1-1: Ball
2-1: Fly out, F8 (Flyball, 78D, EV 105.6 MPH)
Batting: RHB Kawenaula Alohalani 0-0: Called Strike
0-1: Called Strike
0-2: Ball
1-2: Foul Ball, location: 2F
1-2: Ball
2-2: SINGLE (Line Drive, 9S, EV 102.5 MPH)
Batting: RHB Jesús Gómez 0-0: Ball
1-0: Called Strike
1-1: Ball
2-1: Foul Ball, location: 2F
2-2: Strikes out looking
Batting: RHB Kyu-cheol Kye 0-0: Ball
1-0: Swinging Strike
1-1: Swinging Strike
1-2: Strikes out looking
Bottom of the 2nd over - 0 runs, 1 hit, 0 errors, 1 left on base; St. Louis 3 - San Mateo 0
TOP OF THE 3RD
St. Louis Coeur batting - Pitching for San Mateo Dirty Reds : RHP Justin Frederick
Batting: RHB Jaime Soto 0-0: Swinging Strike
0-1: SOLO HOME RUN (Flyball, 78XD, EV 96.2 MPH), Distance : 378 ft
Batting: LHB Qing-nian Zexian 0-0: Called Strike
0-1: Ball
1-1: Foul Ball, location: 2F
1-2: Ball
2-2: Hit by Pitch
Batting: RHB Nobuhisa Murakami 0-0: Ball
1-0: Foul Ball, location: 2F
1-1: Foul Ball, location: 2F
1-2: SINGLE (Groundball, 34D, EV 96.9 MPH)
Qing-nian Zexian to second
Runner from 2nd tries for 3rd, SAFE, no throw by RF
Batting: RHB Joel Iyiegbuniwe 0-0: Ball
1-0: Called Strike
1-1: SINGLE (Line Drive, 8LS, EV 105.6 MPH)
Qing-nian Zexian scores
Nobuhisa Murakami to second
Batting: RHB Joe Mueller 0-0: Called Strike
0-1: Fielders Choice at 2nd, 6-4 (Groundball, 6, EV 90.0 MPH)
Nobuhisa Murakami to third
Batting: LHB Harry Cornelis 0-0: Fly out, F2 (Popup, 2RF, EV 91.9 MPH)
Batting: RHB Ik-jun Cho 0-0: Called Strike
0-1: Called Strike
0-2: Ball
1-2: Foul Ball, location: 2F
1-2: Ball
2-2: Ball
3-2: Foul Ball, location: 2F
3-2: Base on Balls
Joe Mueller to second
Batting: RHB Tabor de Maria 0-0: Fielders Choice at 2nd, 6-4 (Groundball, 56, EV 101.9 MPH)
Top of the 3rd over - 2 runs, 3 hits, 0 errors, 3 left on base; St. Louis 5 - San Mateo 0
BOTTOM OF THE 3RD
San Mateo Dirty Reds batting - Pitching for St. Louis Coeur : RHP Ernesto López
Batting: LHB Quitério Ruah 0-0: Ball
1-0: SINGLE (Flyball, 9LS, EV 98.1 MPH)
Batting: RHB Ambrose Watkins 0-0: Foul Ball, location: 2F
0-1: Ball
1-1: Swinging Strike
1-2: Foul Ball, location: 2F
1-2: Strikes out swinging
Batting: LHB Richard Edwards 0-0: Called Strike
0-1: Swinging Strike
0-2: Foul Ball, location: 2F
0-2: Ball
1-2: Fielders Choice at 2nd, 6-4 (Groundball, 6, EV 83.1 MPH)
Batting: RHB Zahid Kashani 0-0: Called Strike
0-1: Ground out 5-3 (Groundball, 56S, EV 88.8 MPH)
Bottom of the 3rd over - 0 runs, 1 hit, 0 errors, 1 left on base; St. Louis 5 - San Mateo 0
TOP OF THE 4TH
St. Louis Coeur batting - Pitching for San Mateo Dirty Reds : RHP Justin Frederick
Batting: RHB Guillermo Coss 0-0: Called Strike
0-1: Called Strike
0-2: SINGLE (Line Drive, 4D, EV 103.8 MPH)
Batting: RHB Jaime Soto 0-0: Called Strike
0-1: Ball
1-1: Ball
2-1: Fielders Choice at 2nd, 4-6 (Groundball, 34, EV 101.2 MPH)
Batting: LHB Qing-nian Zexian 0-0: Called Strike
Jaime Soto steals 2nd base
0-1: Swinging Strike
0-2: Ball
1-2: Ball
2-2: Ball
3-2: Base on Balls
Batting: RHB Nobuhisa Murakami 0-0: Called Strike
0-1: Fielders Choice at 2nd, 4-6 (Groundball, 4, EV 89.4 MPH)
Jaime Soto to third
Batting: RHB Joel Iyiegbuniwe 0-0: Called Strike
0-1: Foul Ball, location: 2F
0-2: Ball
1-2: Fly out, F7 (Flyball, 7LMF, EV 86.2 MPH)
Top of the 4th over - 0 runs, 1 hit, 0 errors, 2 left on base; St. Louis 5 - San Mateo 0
BOTTOM OF THE 4TH
San Mateo Dirty Reds batting - Pitching for St. Louis Coeur : RHP Ernesto López
Batting: LHB Tom Burton 0-0: Ground out 4-3 (Groundball, 4MS, EV 70.0 MPH)
Batting: LHB Palaie Gaoteote 0-0: Ball
1-0: Fly out, F8 (Flyball, 8RXD, EV 90.6 MPH)
Batting: RHB Kawenaula Alohalani 0-0: Ground out 5-3 (Groundball, 5, EV 75.6 MPH)
Bottom of the 4th over - 0 runs, 0 hits, 0 errors, 0 left on base; St. Louis 5 - San Mateo 0
TOP OF THE 5TH
St. Louis Coeur batting - Pitching for San Mateo Dirty Reds : RHP Justin Frederick
Batting: RHB Joe Mueller 0-0: Ball
1-0: Ball
2-0: Foul Ball, location: 2F
2-1: SINGLE (Line Drive, 9S, EV 103.8 MPH)
Pitching: LHP Faisal bin Nabeel
Batting: LHB Harry Cornelis 0-0: Ball
1-0: Called Strike
1-1: Swinging Strike
1-2: Strikes out swinging
Batting: RHB Ik-jun Cho 0-0: Called Strike
0-1: Called Strike
0-2: Ball
1-2: Grounds into double play, 6-4-3 (Groundball, 6, EV 104.4 MPH)
Top of the 5th over - 0 runs, 1 hit, 0 errors, 0 left on base; St. Louis 5 - San Mateo 0
BOTTOM OF THE 5TH
San Mateo Dirty Reds batting - Pitching for St. Louis Coeur : RHP Ernesto López
Batting: RHB Jesús Gómez 0-0: Ball
1-0: Ball
2-0: Swinging Strike
2-1: Ball
3-1: Foul Ball, location: 2F
3-2: Base on Balls
Batting: RHB Kyu-cheol Kye 0-0: Ball
1-0: Called Strike
1-1: Foul Ball, location: 2F
1-2: Ball
2-2: Strikes out swinging
Batting: LHB Quitério Ruah 0-0: Foul Ball, location: 2F
0-1: Called Strike
0-2: Fly out, F9 (Flyball, 89XD, EV 103.8 MPH)
Batting: RHB Ambrose Watkins 0-0: Called Strike
0-1: Ball
1-1: Foul Ball, location: 2F
1-2: Fly out, F8 (Flyball, 8LS, EV 93.8 MPH)
Bottom of the 5th over - 0 runs, 0 hits, 0 errors, 1 left on base; St. Louis 5 - San Mateo 0
TOP OF THE 6TH
St. Louis Coeur batting - Pitching for San Mateo Dirty Reds : LHP Faisal bin Nabeel
Batting: RHB Tabor de Maria 0-0: Ball
1-0: Ball
2-0: Called Strike
2-1: Fly out, F9 (Flyball, 9D, EV 80.0 MPH)
Batting: RHB Guillermo Coss 0-0: Ball
1-0: Fly out, F9 (Flyball, 9, EV 84.4 MPH)
Batting: RHB Jaime Soto 0-0: Ball
1-0: Foul Ball, location: 2F
1-1: Swinging Strike
1-2: Strikes out swinging
Top of the 6th over - 0 runs, 0 hits, 0 errors, 0 left on base; St. Louis 5 - San Mateo 0
BOTTOM OF THE 6TH
San Mateo Dirty Reds batting - Pitching for St. Louis Coeur : RHP Ernesto López
Batting: LHB Richard Edwards 0-0: Foul Ball, location: 2F
0-1: Foul Ball, location: 2F
0-2: Foul Ball, location: 2F
0-2: Ball
1-2: Ball
2-2: Foul Ball, location: 2F
2-2: Ball
3-2: Foul Ball, location: 2F
3-2: Reached on error, E3 (Groundball, 3, EV 82.5 MPH)
Batting: RHB Zahid Kashani 0-0: Ball
1-0: Ball
2-0: Grounds into double play, 6-4-3 (Groundball, 6, EV 100.0 MPH)
Batting: LHB Tom Burton 0-0: Swinging Strike
0-1: Swinging Strike
0-2: Foul Ball, location: 2F
0-2: Ball
1-2: Foul Ball, location: 2F
1-2: Foul Ball, location: 2F
1-2: Ball
2-2: Foul Ball, location: 2F
2-2: Ball
3-2: Foul Ball, location: 2F
3-2: Base on Balls
Batting: LHB Palaie Gaoteote 0-0: Reached on error, E1 (Groundball, 34S, EV 87.5 MPH)
Tom Burton to third
Batting: RHB Kawenaula Alohalani 0-0: Ball
1-0: Ball
2-0: Ground out 5-3 (Groundball, 56, EV 79.4 MPH)
Bottom of the 6th over - 0 runs, 0 hits, 2 errors, 2 left on base; St. Louis 5 - San Mateo 0
TOP OF THE 7TH
St. Louis Coeur batting - Pitching for San Mateo Dirty Reds : LHP Faisal bin Nabeel
Batting: LHB Qing-nian Zexian 0-0: Fly out, F8 (Flyball, 89XD, EV 111.2 MPH)
Batting: RHB Nobuhisa Murakami 0-0: Ball
1-0: Swinging Strike
1-1: Ball
2-1: SOLO HOME RUN (Flyball, 7D, EV 100.0 MPH), Distance : 344 ft
Batting: RHB Joel Iyiegbuniwe 0-0: SINGLE (Flyball, 56D, EV 95.6 MPH)
Batting: RHB Joe Mueller 0-0: Called Strike
0-1: SINGLE (Line Drive, 3D, EV 105.0 MPH)
Joel Iyiegbuniwe to second
Batting: LHB Harry Cornelis 0-0: Fly out, F9 (Flyball, 8RS, EV 78.8 MPH)
Batting: RHB Ik-jun Cho 0-0: Called Strike
0-1: Foul Ball, location: 2F
0-2: Foul Ball, location: 2F
0-2: Ball
1-2: Foul Ball, location: 2F
1-2: Ground out 5-3 (Groundball, 56S, EV 93.8 MPH)
Top of the 7th over - 1 run, 3 hits, 0 errors, 2 left on base; St. Louis 6 - San Mateo 0
BOTTOM OF THE 7TH
San Mateo Dirty Reds batting - Pitching for St. Louis Coeur : RHP Ernesto López
Batting: RHB Jesús Gómez 0-0: Fly out, F4 (Popup, 4D, EV 68.8 MPH)
Pitching: RHP Arturo Gramer
Batting: RHB Kyu-cheol Kye 0-0: Called Strike
0-1: Swinging Strike
0-2: Ball
1-2: Ground out 5-3 (Groundball, 5, EV 98.8 MPH)
Batting: LHB Quitério Ruah 0-0: Called Strike
0-1: Ball
1-1: Swinging Strike
1-2: Fly out, F8 (Flyball, 8RS, EV 82.5 MPH)
Bottom of the 7th over - 0 runs, 0 hits, 0 errors, 0 left on base; St. Louis 6 - San Mateo 0
TOP OF THE 8TH
St. Louis Coeur batting - Pitching for San Mateo Dirty Reds : LHP Faisal bin Nabeel
Batting: RHB Tabor de Maria 0-0: Ball
1-0: Called Strike
1-1: Fly out, F6 (Line Drive, 6, EV 70.6 MPH)
Batting: RHB Guillermo Coss 0-0: Fly out, F7 (Line Drive, 7D, EV 95.0 MPH)
Batting: RHB Jaime Soto 0-0: Ball
1-0: Foul Ball, location: 2F
1-1: Ball
2-1: DOUBLE (Line Drive, 89D, EV 110.0 MPH)
Batting: LHB Qing-nian Zexian 0-0: Called Strike
0-1: Foul Ball, location: 2F
0-2: Foul Ball, location: 2F
0-2: Strikes out swinging
Top of the 8th over - 0 runs, 1 hit, 0 errors, 1 left on base; St. Louis 6 - San Mateo 0
BOTTOM OF THE 8TH
San Mateo Dirty Reds batting - Pitching for St. Louis Coeur : RHP Arturo Gramer
Batting: RHB Ambrose Watkins 0-0: Called Strike
0-1: Ball
1-1: Called Strike
1-2: Ball
2-2: Strikes out swinging
Batting: LHB Richard Edwards 0-0: Ball
1-0: Called Strike
1-1: Ball
2-1: Fly out, F7 (Flyball, 78D, EV 93.1 MPH)
Batting: RHB Zahid Kashani 0-0: Called Strike
0-1: Called Strike
0-2: Ball
1-2: SOLO HOME RUN (Flyball, 78XD, EV 108.8 MPH), Distance : 396 ft
Batting: LHB Tom Burton 0-0: Called Strike
0-1: Ball
1-1: Ground out U3 (Groundball, 3, EV 83.8 MPH)
Bottom of the 8th over - 1 run, 1 hit, 0 errors, 0 left on base; St. Louis 6 - San Mateo 1
TOP OF THE 9TH
St. Louis Coeur batting - Pitching for San Mateo Dirty Reds : LHP Faisal bin Nabeel
Pitching: RHP Wendell Drabek
Batting: RHB Nobuhisa Murakami 0-0: Ball
1-0: Ground out 5-3 (Groundball, 56, EV 101.9 MPH)
Batting: RHB Joel Iyiegbuniwe 0-0: Ball
1-0: Fly out, F8 (Flyball, 8LD, EV 100.6 MPH)
Batting: RHB Joe Mueller 0-0: Ball
1-0: Ground out 6-3 (Groundball, 6, EV 83.8 MPH)
Top of the 9th over - 0 runs, 0 hits, 0 errors, 0 left on base; St. Louis 6 - San Mateo 1
BOTTOM OF THE 9TH
San Mateo Dirty Reds batting - Pitching for St. Louis Coeur : RHP Arturo Gramer
Batting: LHB Palaie Gaoteote 0-0: Ball
1-0: Fly out, F8 (Line Drive, 8RD, EV 96.2 MPH)
Batting: RHB Kawenaula Alohalani 0-0: Ball
1-0: Foul Ball, location: 2F
1-1: Ball
2-1: DOUBLE (Line Drive, 89M, EV 106.2 MPH)
Batting: RHB Jesús Gómez 0-0: Swinging Strike
0-1: Ball
1-1: Called Strike
1-2: Strikes out swinging
Batting: RHB Kyu-cheol Kye 0-0: Called Strike
0-1: Ball
1-1: Ground out 1-3 (Groundball, 13, EV 86.2 MPH)
Bottom of the 9th over - 0 runs, 1 hit, 0 errors, 1 left on base; St. Louis 6 - San Mateo 1
Tuesday, January 5th, 2021 - OOTP Baseball 20.8 Build 74